 Dungeon Crawl Stone Soup version 0.24.0-123-gd5b16e6ec5 (webtiles) character file.

Game seed: 5471464985106944626, levelgen mode: deterministic

406 FishyPogo the Cutter (level 6, 0/53 HPs)
             Began as a Gnoll Chaos Knight on Feb 8, 2020.
             Was a Plaything of Xom.
             Shot with an arrow by a centaur (12 damage)
             ... on level 4 of the Dungeon.
             The game lasted 00:04:44 (2161 turns).

FishyPogo the Cutter (Gnoll Chaos Knight)           Turns: 2161, Time: 00:04:45

Health: 0/53       AC:  7    Str: 16    XL:     6   Next: 87%
Magic:  9/9        EV: 13    Int: 14    God:    Xom [....*.]
Gold:   175        SH:  0    Dex: 15    Spells: 9/9 levels left

rFire    . . .     SeeInvis .   a - +0 short sword (chaos)
rCold    . . .     Gourm    .   (no shield)
rNeg     . . .     Faith    .   b - +2 leather armour
rPois    .         Spirit   .   f - +1 helmet
rElec    .         Reflect  .   (no cloak)
rCorr    .         Harm     .   (no gloves)
MR       .....                  (no boots)
Stlth    ++........             (no amulet)
HPRegen  0.17/turn              (no ring)
MPRegen  0.11/turn              (no ring)

@: lethally poisoned (0 -> -2), slowed, very slow
A: distributed training, fangs 1, strong nose
a: Renounce Religion


You were on level 4 of the Dungeon.
You worshipped Xom.
You were a beloved toy of Xom.
You were hungry.

You visited 1 branch of the dungeon, and saw 4 of its levels.

You collected 175 gold pieces.

Inventory:

Hand Weapons
 a - a +0 short sword of chaos (weapon)
Missiles
 h - 21 poisoned darts (quivered)
 k - 132 stones
 m - 7 atropa-tipped darts
Armour
 b - a +2 leather armour (worn)
 f - a +1 helmet (worn)
Magical Staves
 l - an uncursed staff of fire
Wands
 s - a wand of flame (14)
Scrolls
 e - 7 scrolls of remove curse {unknown}
 i - a scroll of immolation {unknown}
 j - 2 scrolls of identify {unknown}
 n - a scroll of enchant weapon {unknown}
 o - 2 scrolls of teleportation {unknown}
 p - a scroll of amnesia {unknown}
 q - a scroll of fog {unknown}
 w - a scroll of fear {unknown}
Potions
 d - a potion of flight {unknown}
 g - 2 potions of curing {unknown}
 r - a potion of brilliance {unknown}
 t - 2 potions of agility {unknown}
 u - a potion of invisibility {unknown}
 v - a potion of ambrosia {unknown}
Comestibles
 c - 7 rations


   Skills:
 + Level 6.9 Fighting
 + Level 6.9 Short Blades
 + Level 2.1 Long Blades
 + Level 2.1 Axes
 + Level 2.1 Maces & Flails
 + Level 2.1 Polearms
 + Level 2.1 Staves
 + Level 2.1 Slings
 + Level 2.1 Bows
 + Level 2.1 Crossbows
 + Level 2.1 Throwing
 + Level 5.0 Armour
 + Level 3.3 Dodging
 + Level 2.1 Stealth
 + Level 2.1 Shields
 + Level 2.1 Unarmed Combat
 + Level 2.1 Spellcasting
 + Level 1.6 Conjurations
 + Level 1.6 Hexes
 + Level 1.6 Charms
 + Level 1.6 Summonings
 + Level 1.6 Necromancy
 + Level 1.6 Translocations
 + Level 1.6 Transmutations
 + Level 1.6 Fire Magic
 + Level 1.6 Ice Magic
 + Level 1.6 Air Magic
 + Level 1.6 Earth Magic
 + Level 1.6 Poison Magic
 + Level 2.3 Invocations
 + Level 2.1 Evocations


You had 9 spell levels left.
You didn't know any spells.
Your spell library was empty.

Dungeon Overview and Level Annotations

Branches:
Dungeon (4/15)             Temple (0/1) D:4

Altars:
Fedhas
Nemelex Xobeh
Okawaru

Annotations:
D:3 exclusion: oklob plant


Innate Abilities, Weirdness & Mutations

Your experience applies equally to all skills.
You have very sharp teeth.
Your uncanny sense of smell can sniff out nearby items.


Message History

You feel yourself slow down.
You hit the orc wizard but do no damage.
The orc wizard is moderately wounded.
The orc wizard barely misses you. The orc barely misses you.
The orc wizard hits you but does no damage.
You hit the orc wizard. You drain the orc wizard.
The orc wizard is severely wounded.
The orc wizard hits you but does no damage.
You are poisoned.
The orc hits you but does no damage.
A centaur comes into view.
You hit the orc wizard. You drain the orc wizard.
You kill the orc wizard!
You feel sick.
The centaur wields a +0 shortbow.
The centaur shoots an arrow.
The arrow hits you!
* * * LOW HITPOINT WARNING * * *
The orc closely misses you.
You feel sick.
The centaur shoots an arrow.
The arrow hits you!
You die...
Xom cackles wildly!

##.# #.# ###..########<#
# ..............# #.
##.#....#.#....# .
...#.##.#.#.#..#
#.#...b.......#..###
#.###.#.#)#.#.##........
.c.....o#.#.#....#..####
#...@(........#..#
#..##.#.>.#.#....# ##
...#...#.#.##.#
#.#....#...... ... #.
#.##.#.##.#....## .. ...
..... .#... #
.#.#.#.##....#.. .#.#.
.. .##


You could see a centaur and an orc.

Vanquished Creatures
  A dream sheep (shapeshifter) (D:3)
  A scorpion (D:3)
  2 orc wizards
  A river rat (D:3)
  An adder (D:2)
  3 oozes
  3 worms (D:3)
  2 dart slugs (D:1)
  2 leopard geckos
  5 orcs
  2 giant cockroaches
  12 goblins
  5 hobgoblins
  3 jackals (D:2)
  3 kobolds
  A quokka (D:2)
  5 bats
  3 frilled lizards
  10 rats
65 creatures vanquished.

Vanquished Creatures (others)
  An ogre (D:4)
1 creature vanquished.

Grand Total: 66 creatures vanquished

Notes
Turn   | Place    | Note
-------+----------+-------------------------------------------
     0 | D:1      | FishyPogo the Gnoll Chaos Knight began the quest for the
                  | Orb.
     0 | D:1      | Reached XP level 1. HP: 23/23 MP: 1/1
   121 | D:1      | Reached XP level 2. HP: 29/29 MP: 2/2
   128 | D:1      | Found a sparkling altar of Nemelex Xobeh.
   599 | D:2      | Reached XP level 3. HP: 31/35 MP: 3/3
   627 | D:2      | Found an iron altar of Okawaru.
   676 | D:2      | Reached skill level 1 in Invocations
   796 | D:2      | XOM: cloud trail
  1055 | D:2      | XOM: 1-stop teleportation journey
  1213 | D:2      | XOM: god gift: ration
  1301 | D:3      | Reached skill level 1 in Long Blades
  1301 | D:3      | Reached skill level 1 in Axes
  1301 | D:3      | Reached skill level 1 in Maces & Flails
  1301 | D:3      | Reached skill level 1 in Polearms
  1301 | D:3      | Reached skill level 1 in Staves
  1301 | D:3      | Reached skill level 1 in Slings
  1301 | D:3      | Reached skill level 1 in Bows
  1301 | D:3      | Reached skill level 1 in Crossbows
  1301 | D:3      | Reached skill level 1 in Throwing
  1301 | D:3      | Reached skill level 1 in Stealth
  1301 | D:3      | Reached skill level 1 in Shields
  1301 | D:3      | Reached skill level 1 in Unarmed Combat
  1301 | D:3      | Reached skill level 1 in Spellcasting
  1301 | D:3      | Reached skill level 1 in Evocations
  1301 | D:3      | Reached XP level 4. HP: 24/41 MP: 5/5
  1473 | D:3      | Reached skill level 1 in Conjurations
  1473 | D:3      | Reached skill level 1 in Hexes
  1473 | D:3      | Reached skill level 1 in Charms
  1473 | D:3      | Reached skill level 1 in Summonings
  1473 | D:3      | Reached skill level 1 in Necromancy
  1473 | D:3      | Reached skill level 1 in Translocations
  1473 | D:3      | Reached skill level 1 in Transmutations
  1473 | D:3      | Reached skill level 1 in Fire Magic
  1473 | D:3      | Reached skill level 1 in Ice Magic
  1473 | D:3      | Reached skill level 1 in Air Magic
  1473 | D:3      | Reached skill level 1 in Earth Magic
  1473 | D:3      | Reached skill level 1 in Poison Magic
  1473 | D:3      | Reached XP level 5. HP: 44/47 MP: 6/6
  1773 | D:3      | Noticed Robin
  1777 | D:3      | XOM: cast spell 'Necromutation'
  1789 | D:3      | XOM: divination: detect items
  1794 | D:3      | XOM: mild Chrm miscast
  1817 | D:3      | Noticed Robin
  1817 | D:3      | Robin changed into Robin the glowing shapeshifter
  1817 | D:3      | Noticed Robin
  1817 | D:3      | Robin the glowing shapeshifter changed into Robin the sea
                  | snake
  1819 | D:3      | Noticed Robin
  1819 | D:3      | Robin the sea snake changed into Robin the dream sheep
  1821 | D:3      | Killed Robin the dream sheep
  1821 | D:3      | Reached skill level 5 in Armour
  1821 | D:3      | Reached XP level 6. HP: 50/53 MP: 7/9
  1850 | D:3      | Found a blossoming altar of Fedhas.
  1881 | D:3      | Noticed an oklob plant
  2138 | D:4      | Found a staircase to the Ecumenical Temple.
  2149 | D:4      | XOM: butterfly on damage
  2151 | D:4      | XOM: divine lightning
  2161 | D:4      | Shot with an arrow by a centaur

Levels and vault maps discovered:
D:1:      lemuel_arrival_behind_the_door_large, layout_basic,
          nemelex_diamond_rough_becter
D:2:      layout_basic, okawaru_metal_pillars_1_2
D:3:      layout_basic, tgw_fedhas, minmay_unequal, uniq_robin
D:4:      layout_loops_ring, minmay_temple_entry_ruins, gup_sewer_entry_spiral,
          first_ration, chequers_garden, uniq_blork_the_orc

Skill      XL: |  1  2  3  4  5 |
---------------+----------------+-----
Invocations    | 1 2 |  2.3
Long Blades    | 1 2 |  2.1
Axes           | 1 2 |  2.1
Maces & Flails | 1 2 |  2.1
Polearms       | 1 2 |  2.1
Staves         | 1 2 |  2.1
Slings         | 1 2 |  2.1
Bows           | 1 2 |  2.1
Crossbows      | 1 2 |  2.1
Throwing       | 1 2 |  2.1
Stealth        | 1 2 |  2.1
Shields        | 1 2 |  2.1
Unarmed Combat | 1 2 |  2.1
Spellcasting   | 1 2 |  2.1
Evocations     | 1 2 |  2.1
Conjurations   | 1 |  1.6
Hexes          | 1 |  1.6
Charms         | 1 |  1.6
Summonings     | 1 |  1.6
Necromancy     | 1 |  1.6
Translocations | 1 |  1.6
Transmutations | 1 |  1.6
Fire Magic     | 1 |  1.6
Ice Magic      | 1 |  1.6
Air Magic      | 1 |  1.6
Earth Magic    | 1 |  1.6
Poison Magic   | 1 |  1.6
Dodging        | 3 |  3.3
Armour         | 5 |  5.0
Fighting       | |  6.9
Short Blades   | |  6.9

Action                   |  1- 3 |  4- 6 || total
-------------------------+-------+-------++-------
Melee: Short sword       |    96 |   115 ||   211
       Bite              |    16 |    13 ||    29
       Punch             |     1 |       ||     1
 Stab: Sleeping          |     6 |     2 ||     8
       Distracted        |       |     1 ||     1
       Paralysed         |       |     1 ||     1
  Eat: Chunk             |     1 |     2 ||     3
Armor: Leather armour    |    27 |    26 ||    53
Dodge: Dodged            |    67 |    55 ||   122
